 Dungeon Crawl Stone Soup version 0.29-a0-824-gd827844252 (webtiles) character file.

Game seed: 17188462506319760930

186 coolguy69 the Chopper (level 5, -6/47 HPs)
             Began as a Hill Orc Fighter on July 10, 2022.
             Mangled by an orc
             ... wielding a +1 falchion of electrocution
              (10 damage)
             ... on level 3 of the Dungeon.
             The game lasted 00:01:47 (2426 turns).

coolguy69 the Chopper (Hill Orc Fighter)            Turns: 2426, Time: 00:01:48

Health: -6/47      AC:  8    Str: 21    XL:     5   Next: 66%
Magic:  5/5        EV: 10    Int:  8    God:
Gold:   128        SH:  0    Dex: 10    Spells: 4/4 levels left

rFire   . . .      SeeInvis .   a - +0 war axe
rCold   . . .      Faith    .   (no shield)
rNeg    . . .      Spirit   .   b - +0 scale mail
rPois   .          Reflect  .   (no helmet)
rElec   .          Harm     .   (no cloak)
rCorr   .          Rampage  .   (no gloves)
Will    .....                   j - +0 pair of boots
Stlth   ..........              (no amulet)
HPRegen 0.15/turn               (no ring)
MPRegen 0.09/turn               (no ring)

@: confused
A: no striking features
a: Convert to Beogh


You were on level 3 of the Dungeon.
You visited 1 branch of the dungeon, and saw 3 of its levels.

You collected 128 gold pieces.

Inventory:

Hand Weapons
 a - a +0 war axe (weapon)
Armour
 b - a +0 scale mail (worn)
 j - a +0 pair of boots (worn)
Jewellery
 n - an amulet of faith
 o - a ring of wizardry
Scrolls
 c - a scroll of enchant armour {unknown}
 g - 3 scrolls of identify {unknown}
 h - a scroll of amnesia {unknown}
 m - a scroll of poison {unknown}
Potions
 d - a potion of might
 e - 2 potions of heal wounds {unknown}
 f - a potion of curing {unknown}
 i - 2 potions of lignification {unknown}
 k - 3 potions of flight {unknown}
 l - a potion of mutation {unknown}


   Skills:
 + Level 4.5 Fighting
 + Level 5.0 Axes
 + Level 4.6 Armour
 + Level 0.9 Dodging
 + Level 3.5 Shields


You had 4 spell levels left.
You didn't know any spells.
Your spell library contained the following spells:

 Spells                   Type           Power      Damage    Failure   Level
 Beastly Appendage        Tmut           0%         N/A       75%         1
 Wereblood                Tmut           0%         N/A       86%         2
 Ignite Poison            Fire/Tmut/Pois 0%         N/A       98%         3
 Mephitic Cloud           Conj/Pois/Air  0%         N/A       98%         3
 Spider Form              Tmut/Pois      0%         N/A       98%         3
 Freezing Cloud           Conj/Ice/Air   0%         6-21      100%        5


Dungeon Overview and Level Annotations

Branches:
Dungeon (3/15)

Altars:
Elyvilon
Vehumet

Shops:
D:1 (


Message History

Deactivating autopickup; reactivate with Ctrl-A.
The orc misses you. The orc closely misses you.
You hit the orc.
The orc is heavily wounded.
You barely miss the orc. You closely miss something.
The orc closely misses you.
The orc priest mumbles some strange prayers to Beogh against you.
Beogh smites you!
The orc hits you from afar with a +0 trident.
Something hits you but does no damage. The orc hits you with a +0 dagger.
The orc hits you but does no damage.
The orc priest calls down the wrath of Beogh upon you.
Beogh smites you!
* * * LOW HITPOINT WARNING * * *
The orc closely misses you.
You slash something! You slash the orc!
You kill the orc!
You barely miss the orc.
You hear some strange, mumbled words.
You are confused.
The orc priest invokes the aid of Beogh against you.
Something writhes in agony.
Reactivating autopickup.
You feel a bit more experienced.
The orc hits you from afar with a +0 trident.
* * * LOW HITPOINT WARNING * * *
Unknown command.
You bump into the rock wall.
The orc hits you with a +1 falchion of electrocution.
* * * LOW HITPOINT WARNING * * *
The orc hits you but does no damage.
You bump into the rock wall.
The orc hits you but does no damage.
The orc priest looks braver for a moment.
The orc hits you but does no damage.
Unknown command.
You closely miss the orc priest.
The orc priest is almost dead.
You barely miss the orc. The orc hits you but does no damage.
You are electrocuted!
You die...

.##########...)####....##.#.###.#
...............# #....##.#.# #.#
##########.....####.#####.#.###.#
#.....##...# #.#......
########.### #.#####.. ######.#
#.# #.. #......#######.# #..
###...)o.........# #..
.....oo@.######### #.. ......####
### ..... ?... ... ##


You could see an orc priest and 2 orcs.

Vanquished Creatures
  An orc priest (D:3)
  2 orc wizards (D:3)
  An adder (D:3)
  A dart slug (D:2)
  14 orcs (D:3)
  3 endoplasms
  3 giant cockroaches
  9 goblins
  7 hobgoblins
  A quokka (D:3)
  4 ball pythons
  2 bats
  3 frilled lizards
  7 kobolds
  4 rats (D:2)
62 creatures vanquished.

Vanquished Creatures (others)
  An orc wizard (D:3)
1 creature vanquished.

Grand Total: 63 creatures vanquished

Notes
Turn   | Place    | Note
-------+----------+-------------------------------------------
     0 | D:1      | coolguy69 the Hill Orc Fighter began the quest for the Orb.
     0 | D:1      | Reached XP level 1. HP: 19/19 MP: 1/1
   297 | D:1      | Reached XP level 2. HP: 27/27 MP: 2/2
   403 | D:1      | Found Yzuosun's Weapon Emporium.
   838 | D:2      | Reached skill level 3 in Axes
   920 | D:2      | Reached XP level 3. HP: 32/33 MP: 3/3
  1436 | D:3      | Reached skill level 4 in Axes
  1436 | D:3      | Reached XP level 4. HP: 28/40 MP: 4/4
  1556 | D:3      | Found a white marble altar of Elyvilon.
  1630 | D:3      | Found a radiant altar of Vehumet.
  1839 | D:3      | Reached XP level 5. HP: 15/47 MP: 5/5
  2417 | D:3      | Reached skill level 5 in Axes
  2426 | D:3      | Mangled by an orc

Illustrated notes

Levels and vault maps discovered:
D:1:      nicolae_arrival_somewhat_less_tricky_arrival, layout_rooms,
          serial_shops, nicolae_square_shop
D:2:      layout_rooms, serial_bayou_pond_e
D:3:      layout_basic, elyvilon_altar_1, overflow_temple_1_default

Skill      XL: |  1  2  3  4  5 |
---------------+----------------+-----
Fighting       | 4 |  4.5
Axes           | 3 4 5 |  5.0
Armour         | 4 |  4.6
Dodging        | |  0.9
Shields        | |  3.5

Action                   |  1- 3 |  4- 6 || total
-------------------------+-------+-------++-------
Melee: War axe           |    92 |    86 ||   178
Armor: Scale mail        |    50 |    59 ||   109
Dodge: Dodged            |    44 |    43 ||    87
Block: Buckler           |     6 |       ||     6

Table legend: (Time is in decaauts)
 A = Elapsed time spent in this place.
 B = Non-inter-level travel time spent in this place.
 C = Inter-level travel time spent in this place.
 D = Time resting spent in this place.
 E = Time spent auto-exploring this place.
 F = Levels seen in this place.
 G = Mean time per level.
                   A        B        C        D        E       F      G
               +--------+--------+--------+--------+--------+-----+--------+
         Total |   2482 |   2454 |     28 |    288 |   1758 |   3 |  827.3 |
       Dungeon |   2482 |   2454 |     28 |    288 |   1758 |   3 |  827.3 |
               +--------+--------+--------+--------+--------+-----+--------+

Top non-repeatable levels by time:
     D:3: 1122 daAuts
     D:1: 809 daAuts
     D:2: 551 daAuts
